 Dungeon Crawl Stone Soup version 0.29.1-15-g9cfb28693d (webtiles) character file.

Game seed: 4175713987453339351

89 GasterBasher the Grave Robber (level 4, -1/30 HPs)
             Began as a Vampire Necromancer on Mar 30, 2023.
             Was an Initiate of Hepliaklqana.
             Slain by a black bear (2 damage)
             ... on level 4 of the Dungeon.
             The game lasted 00:44:29 (2273 turns).

GasterBasher the Grave Robber (Vampire Necromancer) Turns: 2273, Time: 00:44:30

Health: -1/30      AC:  1    Str:  7    XL:     4   Next: 31%
Magic:  3/7        EV: 16    Int: 19    God:    Hepliaklqana [......]
Gold:   128        SH:  0    Dex: 14    Spells: 6/7 levels left

rFire   . . .      SeeInvis +   o - staff of poison
rCold   + . .      Faith    .   (no shield)
rNeg    . . .      Spirit   .   (no body armour)
rPois   +          Reflect  .   (no helmet)
rElec   .          Harm     .   (no cloak)
rCorr   .          Rampage  .   (no gloves)
Will    .....                   k - +0 pair of boots
Stlth   ++........              (no amulet)
HPRegen 0.30/turn               B - +4 ring of evasion
MPRegen 0.10/turn               l - ring of protection from cold

@: healing quickly
A: alive, fangs 3, see invisible, vampiric 2
a: Exsanguinate, Renounce Religion


You were on level 4 of the Dungeon.
You worshipped Hepliaklqana.
Hepliaklqana was noncommittal.
You visited 1 branch of the dungeon, and saw 4 of its levels.

You collected 128 gold pieces.

Inventory:

Hand Weapons
 r - a +0 quarterstaff
Missiles
 d - 5 stones (quivered)
 q - 3 poisoned darts
Armour
 a - a +0 ring mail
 h - a +0 tower shield
 i - a +0 chain mail
 k - a +0 pair of boots (worn)
 p - a +0 ring mail
Magical Staves
 o - a staff of poison (weapon)
 y - a staff of fire
Jewellery
 l - a ring of protection from cold (right hand)
 B - a +4 ring of evasion (left hand)
Scrolls
 e - 2 scrolls of teleportation {unknown}
 g - 3 scrolls of identify {unknown}
 m - 2 scrolls of enchant armour {unknown}
Potions
 b - a potion of magic
 c - 2 potions of curing {unknown}
 f - a potion of ambrosia {unknown}
 j - 2 potions of degeneration {unknown}
 w - a potion of cancellation


   Skills:
 + Level 0.3 Fighting
 + Level 0.8(0.9) Maces & Flails
 + Level 0.1(0.4) Staves
 + Level 0.2 Armour
 + Level 2.5 Dodging
 + Level 3.2 Stealth
 + Level 2.4 Spellcasting
 + Level 5.6 Necromancy


You had 6 spell levels left.
You knew the following spells:

 Your Spells              Type           Power      Damage    Failure   Level
a - Necrotise             Necr           92%        1d8       1%          1

Your spell library contained the following spells:

 Spells                   Type           Power      Damage    Failure   Level
 Vampiric Draining        Necr           23%        2d7       4%          3
 Apportation              Tloc           4%         N/A       16%         1
 Beastly Appendage        Tmut           4%         N/A       16%         1
 Animate Dead             Necr           23%        N/A       16%         4
 Ensorcelled Hibernation  Hex/Ice        4%         N/A       24%         2
 Passwall                 Tmut/Erth      1%         N/A       24%         2
 Wereblood                Tmut           2%         N/A       24%         2
 Agony                    Necr           23%        N/A       41%         5
 Spider Form              Tmut/Pois      3%         N/A       43%         3
 Swiftness                Air            2%         N/A       43%         3
 Alistair's Intoxication  Tmut/Pois      2%         N/A       99%         5


Dungeon Overview and Level Annotations

Branches:
Dungeon (4/15)
 Temple: D:4-7

Altars:
Hepliaklqana


Innate Abilities, Weirdness & Mutations

Your natural rate of healing is accelerated.
You have razor-sharp teeth.
You have supernaturally acute eyesight. (SInv)
You are afflicted with vampirism and can become a bat while bloodless.


Message History

Aiming: Necrotise (safe; 1% risk of failure)
Press: ? - help, Shift-Dir - straight line, f/p - black bear
Aim: a black bear (moderately wounded, chance to affect: 81%)
The black bear writhes in agony.
The black bear closely misses you. The black bear claws you.
The black bear claws you but does no damage.
Casting: Necrotise (safe; 1% risk of failure)
Confirm with . or Enter, or press ? or * to list all spells.
Aiming: Necrotise (safe; 1% risk of failure)
Press: ? - help, Shift-Dir - straight line, f/p - black bear
Aim: a black bear (moderately wounded, chance to affect: 81%)
The black bear writhes in agony.
The black bear misses you.
The black bear claws you but does no damage.
The black bear barely misses you.
Casting: Necrotise (safe; 1% risk of failure)
Confirm with . or Enter, or press ? or * to list all spells.
Aiming: Necrotise (safe; 1% risk of failure)
Press: ? - help, Shift-Dir - straight line, f/p - black bear
Aim: a black bear (heavily wounded, chance to affect: 81%)
The black bear barely resists.
The black bear bites you!
* * * LOW HITPOINT WARNING * * *
The black bear closely misses you. The black bear claws you.
* * * LOW HITPOINT WARNING * * *
It was a potion of lignification.
You turn into a tree.
Your +0 pair of boots melds into your body.
Your roots penetrate the ground.
The black bear bites you but does no damage.
The black bear claws you but does no damage. x2
You cannot move.
You cannot move.
You cannot move.
It was a potion of cancellation.
Your magical effects are unravelling.
You feel magically purged.
You feel less wooden.
Your +0 pair of boots unmelds from your body.
The black bear closely misses you. The black bear claws you.
* * * LOW HITPOINT WARNING * * *
The black bear claws you.
You die...

### ..# .# ## #.# ... .
... ....#.#!# ####
......#h# ##### #..
..$....@####...## #.#
#####.#.........#####.##
# #.##..............
#.#.........###.##
#.#.........# #.#
#.#.........# #..
#.#........## ####
#.........## ###......##


You could see a black bear.

Vanquished Creatures
  2 adders (D:2)
  4 dart slugs
  5 ball pythons
  3 bats
  6 endoplasms
  A giant cockroach (D:3)
  4 goblins
  8 hobgoblins
  2 jackals (D:1)
  5 quokkas
  A kobold (D:1)
  6 rats
  A spectral goblin (D:3)
48 creatures vanquished.

Vanquished Creatures (collateral kills)
  A dart slug (D:3)
  A giant cockroach (D:3)
  2 goblins (D:1)
  A hobgoblin (D:3)
  A frilled lizard (D:2)
6 creatures vanquished.

Vanquished Creatures (others)
  7 plants (D:3)
7 creatures vanquished.

Grand Total: 61 creatures vanquished

Notes
Turn   | Place    | Note
-------+----------+-------------------------------------------
     0 | D:1      | GasterBasher the Vampire Necromancer began the quest for
                  | the Orb.
     0 | D:1      | Reached XP level 1. HP: 13/13 MP: 3/3
   285 | D:1      | Reached XP level 2. HP: 13/19 MP: 5/5
   296 | D:1      | Found a faded altar of an unknown god.
   453 | D:1      | Reached skill level 5 in Necromancy
   851 | D:1      | Gained mutation: You are afflicted with vampirism and can
                  | become a bat while bloodless. [Vampire growth]
   851 | D:1      | Reached XP level 3. HP: 22/24 MP: 3/6
  1413 | D:2      | Reached XP level 4. HP: 30/30 MP: 4/7
  1898 | D:3      | Found a hazy altar of Hepliaklqana.
  1923 | D:3      | Became a worshipper of Hepliaklqana the Forgotten
  2242 | D:4      | Noticed a black bear
  2273 | D:4      | HP: 1/30 [black bear (3)]
  2273 | D:4      | Slain by a black bear

Illustrated notes

Levels and vault maps discovered:
D:1:      mainiacjoe_arrival_reflecting_pool, layout_loops_ring,
          hellmonk_ecumenical_altar_crossroads, minivault_25
D:2:      layout_loops_cross, minmay_octomino_c4
D:3:      cheibrodos_old_hovel, layout_loops_ring,
          nicolae_hepliaklqana_monster_ancestors, kennysheep_donut
D:4:      layout_loops_cross, uniq_blork_the_orc, uniq_natasha, uniq_sigmund

Skill      XL: |  1  2 |
---------------+-------+-----
Necromancy     | 5 |  5.6
Fighting       | |  0.3
Maces & Flails | |  0.8
Staves         | |  0.1
Armour         | |  0.2
Dodging        | |  2.5
Stealth        | |  3.2
Spellcasting   | |  2.4

Action                   |  1- 3 |  4- 6 || total
-------------------------+-------+-------++-------
Melee: Flail             |    19 |       ||    19
       Bite              |     9 |     6 ||    15
       Staff             |    15 |    36 ||    51
 Cast: Necrotise         |    37 |    22 ||    59
  Use: Scroll            |       |     4 ||     4
       Potion            |       |     2 ||     2
 Stab: Sleeping          |     1 |       ||     1
Armor: Robe              |    10 |       ||    10
       Ring mail         |    17 |       ||    17
       Chain mail        |       |    10 ||    10
       Skin              |       |     8 ||     8
Dodge: Dodged            |    55 |    44 ||    99
Block: Tower shield      |       |     3 ||     3
